 Dungeon Crawl Stone Soup version 0.15-a0-1788-ga796aff (webtiles) character file.

616 Ales the Shield-Bearer (level 7, 0/56 HPs)
             Began as a Formicid Fighter on June 29, 2014.
             Was an Initiate of Ashenzari.
             Slain by a giant newt (1 damage)
             ... on Level 3 of the Dungeon.
             The game lasted 00:21:58 (3723 turns).

Ales the Shield-Bearer (Formicid Fighter)           Turns: 3723, Time: 00:22:00

HP   0/56        AC  9     Str 22      XL: 7   Next: 73%
MP   9/9         EV  6     Int  8      God: Ashenzari [......]
Gold 143         SH 11     Dex 10      Spells:  0 memorised,  6 levels left

rFire  . . .     SeeInvis +     s - +0 halberd
rCold  . . .     Clarity  .     t - +0 chain mail
rNeg   . . .     rCorr    .     c - +1 shield
rPois  .         rRot     .     (helmet unavailable)
rElec  .         Spirit   .     (no cloak)
SustAb .         Warding  .     (no gloves)
rMut   .         Stasis   +     (no boots)
Gourm  .                        (no amulet)
MR     .....                    (no ring)
                                b - ring of teleport control

@: not resistant to hostile enchantments, extremely unstealthy
A: permanent stasis, dig shafts and tunnels, four strong arms, antennae 3
a: Dig, Shaft Self, Renounce Religion, Evoke Teleport Control


You were on level 3 of the Dungeon.
You worshipped Ashenzari.
Ashenzari was noncommittal.
You were not hungry.

You visited 1 branch of the dungeon, and saw 4 of its levels.

You collected 143 gold pieces.

Inventory:

Hand weapons
 a - a +1 war axe
 s - a +0 halberd (weapon)
 v - a +0 falchion
Armour
 c - a +1 shield (worn)
 t - a +0 chain mail (worn)
Magical devices
 g - a wand of cold (6) {unknown}
 r - a wand of random effects (9) {unknown}
Comestibles
 d - 2 bread rations
 f - 4 meat rations
Scrolls
 m - 3 scrolls of fog
 n - 2 scrolls of remove curse
 p - a scroll of identify
 u - a scroll of fear
Jewellery
 b - a ring of teleport control (left hand)
Potions
 e - a potion of might
 h - a potion of invisibility
 i - 3 potions of haste
 j - 2 potions of restore abilities {unknown}
 l - 2 potions of paralysis {unknown}
 o - 2 potions of curing {unknown}
 q - a potion of berserk rage {unknown}
 x - a potion of cure mutation {unknown}


   Skills:
 + Level 5.0 Fighting
 + Level 3.4 Axes
 + Level 0.2(1.3) Polearms
 + Level 4.9 Armour
 + Level 3.2 Dodging
 + Level 0.6 Stealth
 + Level 5.6 Shields


You had 6 spell levels left.
You didn't know any spells.

Dungeon Overview and Level Annotations

Branches:
Dungeon (4/15)
 Temple: D:4-7

Altars:
Ashenzari


Innate Abilities, Weirdness & Mutations

Your are under a permanent stasis effect.
You can dig through walls and to a lower floor.
Your four strong arms can wield two-handed weapons with a shield.
You have a pair of large antennae on your head (SInv).


Message History

The giant frog zombie hits you.
* * * LOW HITPOINT WARNING * * *
You see here a cursed club.
The giant frog zombie barely misses you.
The giant frog zombie hits you.
* * * LOW HITPOINT WARNING * * *
A giant newt comes into view.
The giant newt hisses menacingly.
The giant newt bites you but does no damage.
You barely miss the giant newt.
The giant frog zombie hits you but does no damage.
The giant newt bites you but does no damage.
The giant frog zombie hits you but does no damage.
You barely miss the giant newt.
You block the giant frog zombie's attack.
The giant newt bites you but does no damage.
The giant frog zombie hits you.
* * * LOW HITPOINT WARNING * * *
The giant newt bites you.
You die...

#.....####..........###.#.
#....(..............)....#
#.....####.#####.###)##..#
#.....# #.# #.# #.....#
#.....# ##.# #.# ####..#
#.##..###..# #.# #..#
#.#<...##.## #.# #..#
#.##..###l# #.# #..#
#.##.####@# #.# #...
#.##.#hhZ.# #.# ##...
#.##.#h#### #.# #..#.
#.##.#.# #.# #..#. #.##.#.##
#.# #..## #.....h.## #.# #..#
#........#######.#####..#
###........h{.hh.......#..#
##....>....########.###....##


You could see a giant frog zombie, 3 jackals and a giant newt.

Vanquished Creatures
  A sky beast (D:4)
  An ogre (D:4)
  A hound (D:4)
  3 orc priests
  An iguana (D:3)
  2 worker ants (D:4)
  2 orc wizards (D:4)
  A hound skeleton (D:4)
  3 gnolls (D:3)
  2 adders
  2 worms
  5 giant geckos
  An ooze (D:3)
  11 orcs
  3 ball pythons
  A bat skeleton (D:4)
  5 giant cockroaches
  6 hobgoblins
  15 kobolds
  5 quokkas
  8 bats
  6 giant newts
  7 goblins
  A quokka skeleton (D:4)
  7 rats
100 creatures vanquished.

Notes
Turn   | Place    | Note
--------------------------------------------------------------
     0 | D:1      | Ales, the Formicid Fighter, began the quest for the Orb.
     0 | D:1      | Reached XP level 1. HP: 18/18 MP: 1/1
    62 | D:1      | Reached XP level 2. HP: 12/24 MP: 3/3
   455 | D:1      | Reached XP level 3. HP: 30/30 MP: 4/4
  1039 | D:2      | Reached skill level 1 in Dodging
  1039 | D:2      | Reached XP level 4. HP: 37/37 MP: 5/5
  1144 | D:2      | Reached skill level 4 in Shields
  1441 | D:3      | Reached XP level 5. HP: 13/42 MP: 7/7
  2233 | D:4      | Reached XP level 6. HP: 38/48 MP: 8/8
  2343 | D:4      | Noticed an ogre
  2354 | D:4      | Killed an ogre
  2354 | D:4      | Reached skill level 5 in Shields
  2424 | D:4      | Noticed a sky beast
  2619 | D:4      | Killed a sky beast
  2619 | D:4      | Reached XP level 7. HP: 37/55 MP: 9/9
  3136 | D:4      | Found a shattered altar of Ashenzari.
  3194 | D:4      | Became a worshipper of Ashenzari the Shackled
  3599 | D:3      | Reached skill level 5 in Fighting
  3600 | D:3      | HP: 2/56 [giant frog zombie (5)]
  3718 | D:3      | HP: 2/56 [giant frog zombie (4)]
  3723 | D:3      | HP: 1/56 [giant frog zombie (2)]
  3723 | D:3      | Slain by a giant newt

Action                   |  1- 3 |  4- 6 |  7- 9 || total
-------------------------+-------+-------+-------++-------
Melee: War axe           |   141 |   150 |    34 ||   325
       Halberd           |       |       |    66 ||    66
  Use: Scroll            |     9 |     7 |       ||    16
       Potion            |       |       |     1 ||     1
